[ AOE2 MATCH · #507213476 ]
UnrankedIncas vs Japanese
Player's team · LOSS
Rival team · WIN
[ REPLAY ANALYSIS · EXTRACTED FROM THE RECORDED GAME ]
Feudal
9:32
Castle
25:13
Imperial
—
| APM avg | 35.7 |
| APM peak | 105 |
| eAPM avg | 19.6 |
| Villagers / military | 73 / 19 |
Focus
⚔️ 24.9% · 🌾 75.1%
Kamayuk ×13 · Battering Ram ×6 · Unknown (2550) ×5
Feudal
9:33
Castle
23:43
Imperial
—
| APM avg | 42.3 |
| APM peak | 75 |
| eAPM avg | 18.0 |
| Villagers / military | 60 / 37 |
Focus
⚔️ 26.8% · 🌾 73.2%
Scout Cavalry ×14 · Samurai ×7 · Militia ×6 · Archer ×5 · Scorpion ×3 · Mangonel ×1
Match map
Initial resources + every placement click. Lines = walls · curves = elevation contours. ◆ gold · ⬟ stone · ● berries · ✦ relic · ◌ wall gap
Your base· Open — 5t gap
maucame's base· Open — 4t gap
Smoothed initial terrain · ◌ = detected wall gap · hover for details
Inputs per minute
— Jack_el_Guapo - - maucame
Build order — Jack_el_Guapo
First 150 of 188 actions detected
| 0:02 | Build | House |
| 0:03 | Queue | Villager (Male) |
| 0:03 | Queue | Villager (Male) |
| 0:04 | Build | House |
| 0:04 | Queue | Villager (Male) |
| 0:04 | Queue | Villager (Male) |
| 1:29 | Queue | Villager (Male) |
| 1:30 | Queue | Villager (Male) |
| 1:53 | Build | Settlement |
| 2:00 | Queue | Villager (Male) |
| 2:00 | Queue | Villager (Male) |
| 2:15 | Queue | Villager (Male) |
| 2:15 | Queue | Villager (Male) |
| 2:46 | Queue | Villager (Male) |
| 2:47 | Queue | Villager (Male) |
| 3:05 | Queue | Villager (Male) |
| 3:34 | Queue | Villager (Male) |
| 3:35 | Queue | Villager (Male) |
| 3:49 | Queue | Villager (Male) |
| 4:27 | Queue | Villager (Male) |
| 4:56 | Queue | Villager (Male) |
| 5:24 | Queue | Villager (Male) |
| 5:54 | Queue | Villager (Male) |
| 5:55 | Queue | Villager (Male) |
| 6:43 | Research | Loom |
| 6:53 | Build | Barracks |
| 7:22 | Research | Feudal Age |
| 7:34 | Build | Settlement |
| 7:50 | Build | Palisade Wall |
| 7:51 | Build | Palisade Wall |
| 7:53 | Queue | Unit 2550 |
| 7:53 | Queue | Unit 2550 |
| 8:51 | Queue | Unit 2550 |
| 9:03 | Build | Palisade Wall |
| 9:05 | Build | Palisade Wall |
| 9:08 | Build | Palisade Wall |
| 9:32 | Age | Feudal Age |
| 9:33 | Build | Settlement |
| 9:51 | Build | Watch Tower |
| 11:00 | Queue | Villager (Male) |
| 11:00 | Queue | Villager (Male) |
| 11:02 | Build | Farm |
| 11:03 | Build | Farm |
| 11:04 | Queue | Villager (Male) |
| 11:15 | Build | Watch Tower |
| 11:25 | Build | Blacksmith |
| 11:55 | Build | Watch Tower |
| 12:23 | Build | Watch Tower |
| 12:24 | Queue | Villager (Male) |
| 12:24 | Queue | Villager (Male) |
| 12:26 | Build | Farm |
| 12:34 | Build | Palisade Wall |
| 12:46 | Build | Watch Tower |
| 12:50 | Queue | Villager (Male) |
| 12:56 | Build | Palisade Wall |
| 13:07 | Build | Watch Tower |
| 13:18 | Build | Palisade Wall |
| 13:55 | Build | Settlement |
| 13:58 | Queue | Villager (Male) |
| 13:58 | Queue | Villager (Male) |
| 14:08 | Build | Palisade Wall |
| 14:20 | Queue | Villager (Male) |
| 14:20 | Queue | Villager (Male) |
| 14:35 | Build | Palisade Wall |
| 14:46 | Queue | Villager (Male) |
| 14:54 | Build | Farm |
| 15:34 | Queue | Villager (Male) |
| 15:35 | Queue | Villager (Male) |
| 15:37 | Build | Farm |
| 15:45 | Build | House |
| 16:00 | Build | Watch Tower |
| 16:01 | Queue | Villager (Male) |
| 16:13 | Queue | Villager (Male) |
| 16:30 | Build | House |
| 16:34 | Build | Palisade Wall |
| 16:47 | Build | Palisade Wall |
| 16:50 | Queue | Villager (Male) |
| 16:53 | Build | Farm |
| 16:56 | Build | Farm |
| 16:59 | Queue | Villager (Male) |
| 17:06 | Research | Horse Collar |
| 17:34 | Build | Palisade Wall |
| 17:39 | Build | Farm |
| 17:39 | Queue | Villager (Male) |
| 17:40 | Build | Farm |
| 18:01 | Research | Double-Bit Axe |
| 18:08 | Queue | Villager (Male) |
| 18:18 | Build | House |
| 18:21 | Queue | Villager (Male) |
| 18:33 | Build | Palisade Wall |
| 18:40 | Build | Farm |
| 18:41 | Build | Farm |
| 18:42 | Queue | Villager (Male) |
| 18:49 | Build | Palisade Wall |
| 18:56 | Build | Palisade Wall |
| 19:01 | Queue | Villager (Male) |
| 19:08 | Build | Farm |
| 19:10 | Build | Farm |
| 19:11 | Queue | Villager (Male) |
| 19:44 | Build | Settlement |
| 20:23 | Queue | Villager (Male) |
| 20:26 | Build | Farm |
| 20:43 | Queue | Villager (Male) |
| 21:16 | Queue | Villager (Male) |
| 21:42 | Queue | Villager (Male) |
| 21:46 | Build | Market |
| 22:06 | Build | Palisade Wall |
| 22:09 | Build | Palisade Wall |
| 22:12 | Build | Palisade Wall |
| 22:14 | Build | Palisade Wall |
| 22:16 | Build | Palisade Wall |
| 22:17 | Build | Palisade Wall |
| 22:19 | Queue | Villager (Male) |
| 22:28 | Build | Blacksmith |
| 22:33 | Research | Castle Age |
| 22:44 | Build | Outpost |
| 23:06 | Research | Fletching |
| 23:09 | Research | Scale Mail Armor |
| 23:10 | Research | Forging |
| 23:32 | Queue | Unit 2550 |
| 23:32 | Queue | Unit 2550 |
| 24:41 | Research | Gold Mining |
| 25:13 | Age | Castle Age |
| 25:15 | Queue | Villager (Male) |
| 25:15 | Queue | Villager (Male) |
| 25:19 | Build | Town Center |
| 25:27 | Build | Town Center |
| 25:31 | Queue | Villager (Male) |
| 25:38 | Build | House |
| 25:57 | Queue | Villager (Male) |
| 26:21 | Build | Palisade Wall |
| 26:26 | Queue | Villager (Male) |
| 26:30 | Research | Chain Mail Armor |
| 26:56 | Build | Settlement |
| 26:58 | Queue | Villager (Male) |
| 26:59 | Queue | Villager (Male) |
| 27:19 | Build | House |
| 27:22 | Queue | Villager (Male) |
| 27:23 | Queue | Villager (Male) |
| 27:47 | Queue | Villager (Male) |
| 27:51 | Queue | Villager (Male) |
| 27:56 | Queue | Villager (Male) |
| 28:03 | Build | Castle |
| 28:05 | Queue | Villager (Male) |
| 28:06 | Queue | Villager (Male) |
| 28:12 | Build | Farm |
| 28:14 | Build | Farm |
| 28:23 | Queue | Villager (Male) |
| 28:24 | Queue | Villager (Male) |
| 28:25 | Queue | Villager (Male) |
Build order — maucame
First 150 of 195 actions detected
| 0:00 | Queue | Villager (Male) |
| 0:00 | Queue | Villager (Male) |
| 0:01 | Queue | Villager (Male) |
| 0:01 | Queue | Villager (Male) |
| 0:02 | Build | House |
| 0:03 | Build | House |
| 1:23 | Queue | Villager (Male) |
| 1:45 | Queue | Villager (Male) |
| 2:19 | Queue | Villager (Male) |
| 2:22 | Build | Lumber Camp |
| 2:36 | Queue | Villager (Male) |
| 3:15 | Queue | Villager (Male) |
| 3:25 | Queue | Villager (Male) |
| 3:42 | Queue | Villager (Male) |
| 3:51 | Build | House |
| 4:14 | Build | House |
| 4:17 | Queue | Villager (Male) |
| 4:20 | Build | Mill |
| 5:18 | Queue | Villager (Male) |
| 5:18 | Queue | Villager (Male) |
| 5:18 | Queue | Villager (Male) |
| 5:41 | Queue | Villager (Male) |
| 5:42 | Queue | Villager (Male) |
| 5:42 | Queue | Villager (Male) |
| 5:49 | Queue | Villager (Male) |
| 6:18 | Build | Barracks |
| 6:52 | Research | Loom |
| 7:13 | Research | Feudal Age |
| 7:19 | Queue | Militia |
| 7:19 | Queue | Militia |
| 7:39 | Build | House |
| 7:41 | Build | Mining Camp |
| 7:44 | Queue | Militia |
| 7:44 | Queue | Militia |
| 8:12 | Queue | Militia |
| 8:38 | Build | Palisade Wall |
| 8:45 | Build | Palisade Wall |
| 8:57 | Queue | Villager (Male) |
| 9:22 | Queue | Militia |
| 9:33 | Age | Feudal Age |
| 9:40 | Research | Man-at-Arms (upgrade) |
| 9:41 | Research | Man-at-Arms (upgrade) |
| 9:48 | Queue | Villager (Male) |
| 9:50 | Build | Archery Range |
| 10:11 | Build | Blacksmith |
| 10:36 | Build | Farm |
| 10:49 | Queue | Archer |
| 10:59 | Build | Watch Tower |
| 11:01 | Queue | Villager (Male) |
| 11:04 | Build | House |
| 11:26 | Build | Mining Camp |
| 11:33 | Build | House |
| 11:36 | Build | House |
| 11:41 | Build | Palisade Wall |
| 12:23 | Queue | Archer |
| 12:33 | Build | House |
| 12:38 | Queue | Archer |
| 12:38 | Queue | Villager (Male) |
| 12:45 | Queue | Villager (Male) |
| 12:49 | Build | Farm |
| 12:51 | Queue | Archer |
| 13:08 | Queue | Archer |
| 13:12 | Build | Outpost |
| 13:26 | Build | Palisade Wall |
| 13:33 | Queue | Villager (Male) |
| 13:38 | Build | Farm |
| 13:57 | Build | House |
| 13:59 | Build | Watch Tower |
| 14:04 | Build | House |
| 14:20 | Queue | Villager (Male) |
| 14:25 | Build | Palisade Gate |
| 14:49 | Build | Watch Tower |
| 14:54 | Queue | Villager (Male) |
| 15:25 | Queue | Villager (Male) |
| 15:29 | Build | Farm |
| 15:42 | Build | Watch Tower |
| 15:46 | Queue | Villager (Male) |
| 15:54 | Build | Outpost |
| 16:00 | Queue | Villager (Male) |
| 16:08 | Build | Farm |
| 16:08 | Queue | Villager (Male) |
| 16:29 | Build | Farm |
| 16:49 | Queue | Villager (Male) |
| 17:05 | Build | Market |
| 17:35 | Build | Farm |
| 17:38 | Queue | Villager (Male) |
| 18:12 | Queue | Villager (Male) |
| 18:34 | Build | Farm |
| 18:37 | Build | Farm |
| 18:47 | Build | Palisade Wall |
| 18:52 | Queue | Villager (Male) |
| 19:19 | Build | Farm |
| 19:20 | Build | Farm |
| 19:21 | Build | Mill |
| 19:28 | Queue | Villager (Male) |
| 19:52 | Queue | Villager (Male) |
| 20:05 | Build | Lumber Camp |
| 20:05 | Queue | Villager (Male) |
| 20:11 | Build | Farm |
| 21:03 | Research | Castle Age |
| 21:30 | Build | Stable |
| 21:55 | Build | Farm |
| 22:01 | Research | Fletching |
| 22:28 | Research | Scale Barding Armor |
| 22:31 | Build | Farm |
| 22:36 | Build | Farm |
| 22:37 | Build | Farm |
| 22:55 | Build | Farm |
| 22:57 | Build | Farm |
| 23:01 | Build | House |
| 23:26 | Build | Stable |
| 23:31 | Research | Bloodlines |
| 23:40 | Build | Farm |
| 23:43 | Age | Castle Age |
| 23:45 | Build | Farm |
| 23:54 | Queue | Villager (Male) |
| 24:04 | Queue | Scout Cavalry |
| 24:04 | Queue | Scout Cavalry |
| 24:15 | Queue | Villager (Male) |
| 24:20 | Build | Farm |
| 24:25 | Build | House |
| 24:51 | Queue | Villager (Male) |
| 24:55 | Build | Siege Workshop |
| 24:57 | Queue | Scout Cavalry |
| 24:57 | Queue | Scout Cavalry |
| 25:00 | Queue | Villager (Male) |
| 25:05 | Build | Farm |
| 25:17 | Queue | Scout Cavalry |
| 25:17 | Queue | Scout Cavalry |
| 25:23 | Build | Farm |
| 25:26 | Build | Farm |
| 25:29 | Queue | Villager (Male) |
| 25:45 | Build | Farm |
| 25:49 | Build | Mining Camp |
| 26:01 | Build | House |
| 26:06 | Queue | Scout Cavalry |
| 26:06 | Queue | Scout Cavalry |
| 26:16 | Queue | Scorpion |
| 26:16 | Queue | Scorpion |
| 26:27 | Queue | Villager (Male) |
| 26:32 | Build | Farm |
| 26:55 | Queue | Villager (Male) |
| 27:08 | Build | Farm |
| 27:09 | Build | Farm |
| 27:13 | Build | House |
| 27:13 | Build | House |
| 27:17 | Research | Light Cavalry (upgrade) |
| 27:18 | Queue | Scout Cavalry |
| 27:18 | Queue | Scout Cavalry |
| 27:41 | Queue | Villager (Male) |
Match timeline
| 6:18 | maucame · first_building Barracks |
| 6:53 | Jack_el_Guapo · first_building Barracks |
| 7:50 | Jack_el_Guapo · wall_segment Palisade Wall x1 |
| 7:51 | Jack_el_Guapo · wall_segment Palisade Wall x1 |
| 8:38 | maucame · wall_segment Palisade Wall x3 |
| 8:45 | maucame · wall_segment Palisade Wall x10 |
| 9:03 | Jack_el_Guapo · wall_segment Palisade Wall x1 |
| 9:05 | Jack_el_Guapo · wall_segment Palisade Wall x1 |
| 9:08 | Jack_el_Guapo · wall_segment Palisade Wall x1 |
| 9:32 | Jack_el_Guapo · age_up feudal |
| 9:33 | maucame · age_up feudal |
| 9:50 | maucame · first_building Archery Range |
| 11:41 | maucame · wall_segment Palisade Wall x14 |
| 12:34 | Jack_el_Guapo · wall_segment Palisade Wall x9 |
| 12:56 | Jack_el_Guapo · wall_segment Palisade Wall x7 |
| 13:18 | Jack_el_Guapo · wall_segment Palisade Wall x1 |
| 13:26 | maucame · wall_segment Palisade Wall x7 |
| 14:08 | Jack_el_Guapo · wall_segment Palisade Wall x14 |
| 14:35 | Jack_el_Guapo · wall_segment Palisade Wall x15 |
| 16:34 | Jack_el_Guapo · wall_segment Palisade Wall x5 |
| 16:47 | Jack_el_Guapo · wall_segment Palisade Wall x8 |
| 17:34 | Jack_el_Guapo · wall_segment Palisade Wall x4 |
| 18:06 | maucame · first_market_sell 100 stone |
| 18:10 | maucame · first_market_buy 100 food |
| 18:33 | Jack_el_Guapo · wall_segment Palisade Wall x1 |
| 18:47 | maucame · wall_segment Palisade Wall x7 |
| 18:49 | Jack_el_Guapo · wall_segment Palisade Wall x2 |
| 18:56 | Jack_el_Guapo · wall_segment Palisade Wall x5 |
| 21:30 | maucame · first_building Stable |
| 22:06 | Jack_el_Guapo · wall_segment Palisade Wall x1 |
| 22:09 | Jack_el_Guapo · wall_segment Palisade Wall x1 |
| 22:12 | Jack_el_Guapo · wall_segment Palisade Wall x1 |
| 22:14 | Jack_el_Guapo · wall_segment Palisade Wall x1 |
| 22:16 | Jack_el_Guapo · wall_segment Palisade Wall x1 |
| 22:17 | Jack_el_Guapo · wall_segment Palisade Wall x1 |
| 23:43 | maucame · age_up castle |
| 24:55 | maucame · first_building Siege Workshop |
| 25:13 | Jack_el_Guapo · age_up castle |
| 26:21 | Jack_el_Guapo · wall_segment Palisade Wall x6 |
| 27:48 | maucame · first_building Castle |
| 28:03 | Jack_el_Guapo · first_building Castle |
| 28:35 | Jack_el_Guapo · wall_segment Palisade Wall x1 |
| 29:21 | Jack_el_Guapo · first_building Siege Workshop |
| 30:11 | Jack_el_Guapo · first_market_buy 100 wood |
| 30:33 | Jack_el_Guapo · wall_segment Palisade Wall x1 |
| 33:20 | Jack_el_Guapo · resign |
[ AI ANALYSIS · 1 CREDIT ]
What really happened in this match?
Wolo.gg analyzes every decision: build order, eco, micro, common mistakes by bracket. Personalized analysis on WhatsApp or Discord in 30 seconds.
Civ guide
Incas
Perfil
Jugador #2933077